 Dungeon Crawl Stone Soup version 0.23-a0-419-g0174fd80c1 (webtiles) character file.

178747 Notair the Impaler (level 17, -1/181 HPs)
             Began as a Minotaur Gladiator on Nov 11, 2018.
             Was the Champion of Okawaru.
             Slain by a redback (18 damage)
             ... on level 4 of the Spider Nest on Nov 13, 2018.
             The game lasted 03:00:22 (38054 turns).

Notair the Impaler (Minotaur Gladiator)            Turns: 38054, Time: 03:00:22

Health: -1/181     AC:  0    Str: 20    XL:     17   Next: 58%
Magic:  22/22      EV: 24    Int: 10    God:    Okawaru [******]
Gold:   2670       SH:  0    Dex: 16    Spells: 2/16 levels left

rFire    . . .     SeeInvis .   a - +1 glaive (freeze)
rCold    . . .     Gourm    .   (shield currently unavailable)
rNeg     . . .     Faith    .   P - +1 ring mail {rPois}
rPois    +         Spirit   .   c - +0 hat
rElec    .         Reflect  .   A - +2 cloak
rCorr    .         Harm     .   E - +2 pair of gloves {Dex+3}
MR       ++...     Clarity  +   H - +0 pair of boots
Stlth    +.........             V - amulet of Vitality {Regen+ HP+15}
HPRegen  0.80/turn              W - ring of protection from magic
MPRegen  0.18/turn              s - +5 ring of evasion

@: corroded, very slightly contaminated, studying Charms, invisible
A: retaliatory headbutt, horns 2, molten scales 1, clarity
a: Heroism, Finesse, Renounce Religion


You were on level 4 of the Spider Nest.
You worshipped Okawaru.
Okawaru was exalted by your worship.
You were not hungry.

You visited 5 branches of the dungeon, and saw 28 of its levels.
You visited the Abyss 1 time.
You also visited: Bailey and Ice Cave.

You collected 3385 gold pieces.
You spent 715 gold pieces at shops.

Inventory:

Hand Weapons
 a - a +1 glaive of freezing (weapon)
 d - a +6 blowgun
 e - the +6 arbalest "Damnation" {damnation}
   (Okawaru gifted it to you on level 12 of the Dungeon)
 k - the +1 glaive "Buopri" {flame, *Noise Dex+6, unknown}
   (Okawaru gifted it to you on level 4 of the Spider Nest)

   It has been specially enchanted to burn those struck by it, causing extra
   injury to most foes and up to half again as much damage against particularly
   susceptible opponents.
   Big, fiery blades are also staple armaments of hydra-hunters.
   It affects your dexterity (+6).
   It may make noises in combat.
Missiles
 h - 7 curare-tipped needles
 p - 8 needles of paralysis
 r - 2 throwing nets (quivered)
 N - 7 poisoned needles
 S - 81 bolts
Armour
 c - a +0 hat (worn)
 A - a +2 cloak (worn)
 E - a +2 pair of gloves of dexterity (worn)
 H - a +0 pair of boots (worn)
 M - a +4 plate armour of fire resistance
 P - a +1 ring mail of poison resistance (worn)
 Y - a scarf of resistance
Jewellery
 b - an uncursed ring of positive energy
 s - a +5 ring of evasion (right hand)
 V - the amulet of Vitality (around neck) {Regen+ HP+15}
   (You found it on level 3 of the Lair of Beasts)

   [amulet of regeneration]

   It affects your health (+15).
   It increases your rate of regeneration.
 W - a ring of protection from magic (left hand)
Wands
 i - a wand of clouds (6)
 l - a wand of digging (7)
 q - a wand of flame (20)
 v - a wand of disintegration (13)
 C - a wand of paralysis (9)
 G - a wand of iceblast (30)
 L - a wand of acid (10)
 Z - a wand of polymorph (9)
Scrolls
 w - a scroll of brand weapon
 x - 3 scrolls of enchant armour
 y - 9 scrolls of enchant weapon
 z - 7 scrolls of remove curse
 B - 9 scrolls of teleportation
 D - 5 scrolls of fog
 O - 2 scrolls of immolation
 Q - 5 scrolls of fear
 R - 3 scrolls of magic mapping
 U - 2 scrolls of vulnerability
 X - 2 scrolls of silence
Potions
 g - 7 potions of lignification
 j - 2 potions of agility
 o - 3 potions of haste
 t - 5 potions of might
 u - 16 potions of curing
 F - a potion of resistance
 J - 5 potions of mutation
 K - 4 potions of flight
Books
 T - a manual of Charms
Miscellaneous
 I - a phantom mirror
Comestibles
 f - 40 rations


   Skills:
 + Level 18.7 Fighting
 + Level 20.8 Polearms
 + Level 4.4 Crossbows
 - Level 2.0 Throwing
 - Level 15.5 Armour
 + Level 11.4 Dodging
 - Level 9.0 Charms
 - Level 8.0 Invocations


You had 2 spell levels left.
You knew the following spells:

 Your Spells              Type           Power        Failure   Level  Hunger
a - Song of Slaying       Chrm           ###.....     1%          2    ###....
b - Regeneration          Chrm/Necr      #.........   26%         3    ####...
c - Deflect Missiles      Chrm/Air       #.........   100%        6    #######
d - Spectral Weapon       Hex/Chrm       #.......     26%         3    ####...

Your spell library contained the following spells:

 Spells                   Type           Power        Failure   Level  Hunger
 Infusion                 Chrm           ###.         1%          1    ##.....
 Shroud of Golubria       Chrm/Tloc      #.........   13%         2    ###....
 Animate Skeleton         Necr           N/A          47%         1    ##.....
 Confusing Touch          Hex            #.....       47%         1    ##.....
 Magic Dart               Conj           #...         47%         1    ##.....
 Pain                     Necr           #...         47%         1    ##.....
 Summon Butterflies       Summ           #.......     47%         1    ##.....
 Blink                    Tloc           N/A          63%         2    ###....
 Call Imp                 Summ           #.......     63%         2    ###....
 Ensorcelled Hibernation  Hex/Ice        #.....       63%         2    ###....
 Searing Ray              Conj           #.....       63%         2    ###....
 Slow                     Hex            #.......     63%         2    ###....
 Throw Flame              Conj/Fire      #.....       63%         2    ###....
 Call Canine Familiar     Summ           #.......     85%         3    ####...
 Confuse                  Hex            #.......     85%         3    ####...
 Conjure Flame            Conj/Fire      #.......     85%         3    ####...
 Dazzling Spray           Conj/Hex       #.....       85%         3    ####...
 Gell's Gravitas          Tloc           #.........   85%         3    ####...
 Ignite Poison            Fire/Tmut/Pois #.......     85%         3    ####...
 Mephitic Cloud           Conj/Pois/Air  #.......     85%         3    ####...
 Vampiric Draining        Necr           #.........   85%         3    ####...
 Animate Dead             Necr           N/A          99%         4    #####..
 Cause Fear               Hex            #.........   99%         4    #####..
 Force Lance              Conj/Tloc      #.......     99%         4    #####..
 Fulminant Prism          Conj/Hex       #.........   99%         4    #####..
 Iskenderun's Mystic Bla  Conj           #.......     99%         4    #####..
 Petrify                  Tmut/Erth      #.......     99%         4    #####..
 Summon Ice Beast         Ice/Summ       #.......     99%         4    #####..
 Fireball                 Conj/Fire      #.........   100%        5    ######.
 Metabolic Englaciation   Hex/Ice        #.........   100%        5    ######.
 Silence                  Hex/Air        #.........   100%        5    ######.
 Summon Mana Viper        Hex/Summ       #.......     100%        5    ######.
 Yara's Violent Unravell  Hex/Tmut       #.........   100%        5    ######.
 Bolt of Fire             Conj/Fire      #.........   100%        6    #######
 Ring of Flames           Chrm/Fire      #.........   100%        7    #######
 Summon Hydra             Summ           #.........   100%        7    #######
 Discord                  Hex            #.........   100%        8    #######
 Ignition                 Fire           #.........   100%        8    #######


Dungeon Overview and Level Annotations

Branches:
Dungeon (15/15)            Temple (1/1) D:4            Lair (6/6) D:9
  Swamp (0/4) Lair:4       Spider (4/4) Lair:3        Slime (0/5) Lair:5
    Orc (2/2) D:12            Elf (0/3) Orc:2        Vaults (0/5) D:13
 Depths (0/5) D:15

Altars:
Ashenzari
Cheibriados
Elyvilon
Fedhas
Gozag
Hepliaklqana
Kikubaaqudgha
Makhleb
Nemelex Xobeh
Okawaru
Qazlal
Ru
Sif Muna
Trog
Uskayaw
Vehumet
Wu Jian
Xom
Yredelemnul
Zin
Beogh

Shops:
D:6 %   D:8 !   D:14 =   Orc:2 %:?(

Annotations:
D:4 4 transporters, temitten's ghost, amateur OpMo
D:5 1 runed door, rvm's ghost, novice MiFi
D:11 2 runed doors, exclusion: obsidian statue
D:15 exclusion: obsidian statue


Innate Abilities, Weirdness & Mutations

You reflexively headbutt those who attack you in melee.
You have a pair of horns on your head.
You are partially covered in molten scales. (AC +2)
You possess an exceptional clarity of mind.


Message History

You feel very sick. The redback bites you.
* * * LOW HITPOINT WARNING * * *
The entropy weaver is caught in a web!
You feel sick.
The entropy weaver struggles to get unstuck from the web.
The redback bites you!
* * * LOW HITPOINT WARNING * * *
You feel like a meek peon again.
You feel sick.
The entropy weaver struggles to get unstuck from the web.
You feel very sick.
The entropy weaver pulls away from the web.
The redback bites you!
* * * LOW HITPOINT WARNING * * *
You feel better. The redback misses you. You furiously retaliate!
You headbutt the redback, but do no damage.
You fade into invisibility!
The redback completely misses you. The redback bites you!!
You die...

###....#..# #....#.##.
#.^.......###....)^..#
#...##.....####^.#.#.#
#..######...# ##^.....
#..# #...# ##.....
#..### ###.^####..#...
#....###....##....####
#................## #
#..^.@....##....##
#....s#.....^..##
#.^...#^##.<#..##
#......####^.#.^#
#...a..# ##...##
#...#### ##^## #....##
### #.^...# #..#.##


You could see an entropy weaver and a redback.

Vanquished Creatures
  A profane servitor (Abyss:4)
  Rupert (D:13)
  A tentacled monstrosity (Abyss:4)
  Frances (D:11)
  Donald (Orc:2)
  A ghost moth (Spider:3)
  An angel (Abyss:4)
  A reaper (IceCv)
  Nessos (D:14)
  An entropy weaver (Lair:3)
  2 vampire knights (D:14)
  A stone giant (Orc:2)
  Snorg (D:10)
  4 vault guards
  14 hydras
  3 rakshasas
  Erolcha (Orc:2)
  The ghost of splatterpode the Spear-Bearer, a journeyman OpMo of Okawaru (D:10)
  A centaur warrior (D:9)
  A catoblepas (D:14)
  5 ogre magi
  11 death yaks
  24 two-headed ogres
  4 thrashing horrors (Abyss:4)
  An orc high priest (Orc:1)
  Sonja (D:12)
  A sixfirhy (Abyss:4)
  A skeletal warrior (D:8)
  A fire crab (Lair:5)
  A swamp dragon (shapeshifter) (D:15)
  3 unseen horrors
  A glowing orange brain (D:15)
  4 orc knights
  A flayed ghost (Spider:3)
  30 orb spiders
  3 deep elf magi
  4 orc sorcerers (Orc:2)
  27 wolf spiders
  7 ugly things
  An oklob plant (Lair:5)
  A manticore (D:15)
  8 elephants
  5 cyclopes
  2 ice statues (IceCv)
  4 moths of wrath
  2 gargoyles
  6 black mambas
  2 torpor snails (Lair:3)
  3 spiny frogs
  2 smoke demons (Abyss:4)
  A freezing wraith (D:14)
  A hellion (Abyss:4)
  3 rime drakes
  2 komodo dragons
  2 kobold demonologists
  An efreet (D:15)
  9 demonic crawlers
  An ancient zyme (Spider:3)
  5 ice devils (IceCv)
  7 trolls
  32 jumping spiders
  A merfolk (D:10)
  A silent spectre (Abyss:4)
  2 polar bears (shapeshifter) (D:15)
  4 meliai
  16 tyrant leeches
  9 polar bears
  A queen bee (D:13)
  10 hornets
  13 blink frogs
  14 slime creatures
  4 dream sheep (Lair:5)
  A raiju (Spider:3)
  6 hippogriffs
  A centaur simulacrum (D:14)
  27 yaks
  39 redbacks
  A water elemental (D:14)
  5 vampires
  A basilisk (Lair:4)
  14 spriggans (Lair:6)
  2 wyverns
  A wraith (D:15)
  23 tarantellas
  A human (shapeshifter) (D:9)
  4 vampire mosquitoes
  A redback simulacrum (D:14)
  4 hungry ghosts
  A warg (Orc:1)
  2 swamp worms (Spider:1)
  A soldier ant (D:10)
  An acid dragon (D:12)
  12 water moccasins
  A large abomination (Abyss:4)
  8 ice beasts
  31 orc warriors
  16 porcupines
  A small abomination (Abyss:4)
  5 sky beasts
  5 black bears
  A necrophage (D:6)
  21 wolves
  2 phantoms
  34 ogres
  4 boggarts
  4 centaurs
  9 crocodiles
  3 big kobolds
  18 bullfrogs
  2 scorpions
  A wyvern skeleton (D:14)
  24 killer bees
  9 wights
  6 electric eels
  2 howler monkeys (D:14)
  7 crimson imps
  2 bullfrog zombies
  4 centaur zombies
  A wyvern simulacrum (D:14)
  7 hounds
  2 jellies
  6 centaur skeletons
  16 orc priests
  35 orc wizards
  Crazy Yiuf (D:5)
  Jessica (D:3)
  5 bullfrog skeletons
  4 iguanas
  18 worker ants
  Natasha (thrice) (D:3)
  2 killer bee zombies
  2 hound skeletons
  2 worker ant zombies
  12 gnolls
  A howler monkey skeleton (D:10)
  11 adders
  6 shadow imps
  11 white imps
  9 ufetubi
  An adder zombie (D:10)
  2 worms
  2 dart slugs (D:1)
  8 leopard geckos
  93 orcs
  2 giant cockroaches
  6 goblins
  3 hobgoblins
  6 jackals
  7 quokkas
  5 ball pythons
  9 bats
  A frilled lizard (D:3)
  A giant cockroach zombie (D:5)
  31 kobolds
  A leopard gecko zombie (D:6)
  3 rats
  A fungus (Lair:5)
  5 plants
1054 creatures vanquished.

Vanquished Creatures (others)
  A redback (Spider:2)
  A spriggan (D:10)
  A yak (D:14)
  A small abomination (Abyss:4)
  A white imp (IceCv)
  9 ufetubi (IceCv)
  A kobold (D:10)
  A ball python (D:1)
  12 fungi
  4 plants
32 creatures vanquished.

Grand Total: 1086 creatures vanquished

Notes
Turn   | Place    | Note
-------+----------+-------------------------------------------
     0 | D:1      | Notair the Minotaur Gladiator began the quest for the Orb.
     0 | D:1      | Reached XP level 1. HP: 18/18 MP: 0/0
   115 | D:1      | Reached skill level 4 in Polearms
   235 | D:1      | Reached XP level 2. HP: 25/25 MP: 1/1
   257 | D:1      | Reached skill level 1 in Armour
   802 | D:2      | Reached XP level 3. HP: 29/31 MP: 2/2
   813 | D:2      | Found an ancient bone altar of Kikubaaqudgha.
  1120 | D:3      | Noticed a bullfrog
  1123 | D:3      | Noticed Jessica
  1134 | D:3      | Killed a bullfrog
  1134 | D:3      | Reached skill level 5 in Polearms
  1134 | D:3      | Reached XP level 4. HP: 24/38 MP: 3/3
  1144 | D:3      | Killed Jessica
  1149 | D:3      | Reached XP level 5. HP: 29/46 MP: 4/4
  1262 | D:3      | Upgraded the game from 0.23-a0-417-gf02c810438 to
                  | 0.23-a0-419-g0174fd80c1
  1592 | D:3      | Noticed Natasha
  1599 | D:3      | Killed Natasha
  1599 | D:3      | Reached skill level 6 in Polearms
  1743 | D:3      | Noticed Natasha
  1755 | D:3      | Killed Natasha
  1769 | D:3      | Found a transporter.
  1873 | D:3      | Found a transporter.
  1937 | D:3      | Reached XP level 6. HP: 51/52 MP: 5/5
  2245 | D:3      | Noticed Natasha
  2422 | D:3      | Killed Natasha
  2606 | D:4      | Found a transporter.
  2642 | D:4      | Found a transporter.
  2646 | D:4      | Noticed temitten's ghost (amateur OpMo)
  2727 | D:4      | Reached skill level 7 in Polearms
  2857 | D:4      | Reached skill level 5 in Fighting
  2857 | D:4      | Reached XP level 7. HP: 59/61 MP: 6/6
  2918 | D:4      | Found a transporter.
  2933 | D:4      | Found a staircase to the Ecumenical Temple.
  2941 | Temple   | Entered the Ecumenical Temple
  2989 | Temple   | Became a worshipper of Warmaster Okawaru
  3061 | D:4      | Found a transporter.
  3171 | D:5      | Entered Level 5 of the Dungeon
  3416 | D:5      | Reached skill level 8 in Polearms
  3556 | D:5      | Found a runed door.
  3560 | D:5      | Noticed Crazy Yiuf
  3566 | D:5      | Killed Crazy Yiuf
  3848 | D:5      | Reached skill level 5 in Armour
  3939 | D:5      | Found a runed door.
  3939 | D:5      | Noticed rvm's ghost (novice MiFi)
  3965 | D:5      | Reached XP level 8. HP: 60/70 MP: 7/7
  3968 | D:5      | Reached skill level 9 in Polearms
  4008 | D:5      | Found an opulent altar of Gozag.
  4211 | D:6      | Reached * piety under Okawaru
  4223 | D:6      | Noticed a cyclops
  4424 | D:6      | Found a hide-covered altar of Uskayaw.
  4631 | D:6      | Reached skill level 10 in Polearms
  4819 | D:6      | Reached ** piety under Okawaru
  5098 | D:6      | Killed a cyclops
  5098 | D:6      | Reached XP level 9. HP: 79/79 MP: 8/8
  5198 | D:6      | Reached skill level 11 in Polearms
  5268 | D:6      | Found an iron altar of Okawaru.
  5335 | D:6      | Found a stormy altar of Qazlal.
  5358 | D:6      | Found Oxtudgh's Food Shop.
  5792 | D:7      | Reached *** piety under Okawaru
  5826 | D:7      | Found a flagged portal.
  5841 | Bailey   | Entered a bailey
  5869 | Bailey   | Noticed an orc knight
  5887 | Bailey   | HP: 3/81 [orc warrior/+0 war axe (25)]
  5894 | Bailey   | Killed an orc knight
  5894 | Bailey   | Reached skill level 12 in Polearms
  8064 | D:7      | Reached XP level 10. HP: 78/90 MP: 9/9
  8237 | D:8      | Noticed a red ugly thing
  8255 | D:8      | Killed a red ugly thing
  8255 | D:8      | Reached **** piety under Okawaru
  8646 | D:8      | Found Votie's Distillery.
  8654 | D:8      | Bought a potion of mutation for 80 gold pieces
  8654 | D:8      | Bought a potion of curing for 30 gold pieces
  8654 | D:8      | Bought a potion of curing for 30 gold pieces
  8654 | D:8      | Bought a potion of curing for 30 gold pieces
  8654 | D:8      | Bought a potion of curing for 30 gold pieces
  8654 | D:8      | Bought a potion of heal wounds for 50 gold pieces
  8689 | D:8      | Reached skill level 13 in Polearms
  9258 | D:9      | Reached skill level 10 in Fighting
  9387 | D:9      | Found a hide-covered altar of Uskayaw.
  9389 | D:9      | Found a sparkling altar of Nemelex Xobeh.
  9409 | D:9      | Noticed a centaur warrior
  9410 | D:9      | Noticed a skeletal warrior
  9410 | D:9      | Noticed a gargoyle
  9427 | D:9      | Killed a centaur warrior
  9427 | D:9      | Reached ***** piety under Okawaru
  9427 | D:9      | Received a gift from Okawaru
  9427 | D:9      | Reached skill level 14 in Polearms
  9427 | D:9      | Reached skill level 10 in Armour
  9432 | D:9      | Reached XP level 11. HP: 80/101 MP: 8/10
  9685 | D:8      | Killed a skeletal warrior
 10038 | D:9      | Killed an unseen horror
 10276 | D:9      | Found an ornate altar of the Wu Jian Council.
 10317 | D:9      | Found a staircase to the Lair.
 10433 | D:9      | Noticed a two-headed ogre
 10501 | D:9      | Killed a two-headed ogre
 10637 | D:9      | Found a blossoming altar of Fedhas.
 10722 | D:9      | Noticed an orc knight
 10740 | D:9      | Killed an orc knight
 10740 | D:9      | Reached skill level 15 in Polearms
 10744 | D:9      | Identified the Disquisition on Fire and Hexes
 10828 | D:9      | Reached skill level 1 in Invocations
 10894 | D:10     | Entered Level 10 of the Dungeon
 11228 | D:10     | Found a runed door.
 11228 | D:10     | Noticed splatterpode's ghost (journeyman OpMo)
 11355 | D:10     | Killed an unseen horror
 11532 | D:10     | Received a gift from Okawaru
 11544 | D:10     | Reached ****** piety under Okawaru
 11604 | D:10     | Noticed Snorg
 11622 | D:10     | Killed Snorg
 11622 | D:10     | Received a gift from Okawaru
 11622 | D:10     | Reached XP level 12. HP: 68/112 MP: 11/13
 12356 | D:10     | Killed splatterpode's ghost
 12501 | D:11     | Found a large runed door.
 12501 | D:11     | Found a large runed door.
 13132 | D:12     | Noticed a two-headed ogre
 13142 | D:12     | Killed a two-headed ogre
 13300 | D:12     | Received a gift from Okawaru
 13301 | D:12     | Found the +6 arbalest "Damnation" {damnation}
 13411 | D:12     | Noticed a five-headed hydra
 13414 | D:12     | Killed a five-headed hydra
 13422 | D:12     | Noticed a two-headed ogre
 13435 | D:12     | Killed a two-headed ogre
 13507 | D:12     | Found a staircase to the Orcish Mines.
 13566 | D:12     | Noticed Frances
 13693 | D:11     | HP: 5/113 [Frances/iron shot (30)]
 13699 | D:11     | Killed Frances
 13699 | D:11     | Reached skill level 16 in Polearms
 13699 | D:11     | Reached skill level 5 in Invocations
 14449 | D:12     | Noticed Sonja
 14463 | D:12     | Killed Sonja
 14803 | D:12     | Noticed a four-headed hydra
 14810 | D:12     | Killed a four-headed hydra
 14987 | D:13     | Noticed a two-headed ogre
 14990 | D:13     | Killed a two-headed ogre
 15079 | D:13     | Noticed Rupert
 15834 | D:13     | Received a gift from Okawaru
 15849 | D:13     | Reached XP level 13. HP: 105/122 MP: 16/16
 16109 | D:13     | Killed Rupert
 16109 | D:13     | Received a gift from Okawaru
 16716 | D:13     | Found a gate to the Vaults.
 17437 | D:13     | Found a gate to the Vaults.
 17779 | D:13     | You fall through a shaft!
 17888 | D:14     | Reached skill level 17 in Polearms
 17947 | D:14     | Received a gift from Okawaru
 18019 | D:14     | Found a deep blue altar of Sif Muna.
 18208 | D:14     | Noticed Nessos
 18215 | D:14     | Killed Nessos
 18216 | D:14     | Found a frozen archway.
 18236 | IceCv    | Entered an ice cave
 19255 | IceCv    | Noticed a reaper
 19267 | IceCv    | Killed a reaper
 19682 | IceCv    | Received a gift from Okawaru
 19683 | IceCv    | Got a bloodstained scale mail {god gift}
 20134 | D:14     | Noticed a vampire knight
 20134 | D:14     | Noticed a vampire knight
 20152 | D:14     | Killed a vampire knight
 20152 | D:14     | Reached XP level 14. HP: 98/133 MP: 6/19
 20164 | D:14     | Killed a vampire knight
 20552 | D:14     | Found Sushrism's Jewellery Emporium.
 20664 | D:14     | Found the +12 Vampire's Tooth {vamp}
 20817 | D:15     | Entered Level 15 of the Dungeon
 21041 | D:15     | Reached skill level 15 in Fighting
 21058 | D:15     | Reached skill level 18 in Polearms
 21126 | D:15     | Reached skill level 15 in Armour
 21706 | D:15     | Received a gift from Okawaru
 22241 | D:15     | Found a staircase to the Depths.
 22436 | Lair:1   | Entered Level 1 of the Lair of Beasts
 23573 | Lair:2   | Identified a scroll of acquirement
 23651 | Lair:2   | Reached skill level 1 in Charms
 24523 | Lair:3   | Found a hole to the Spider Nest.
 24556 | Lair:3   | Found the amulet of Vitality {Regen+ HP+15}
 24623 | Lair:3   | You fall through a shaft for 2 floors!
 24631 | Lair:5   | Received a gift from Okawaru
 24646 | Lair:5   | Reached XP level 15. HP: 80/143 MP: 20/20
 25034 | Lair:5   | Reached skill level 5 in Dodging
 25249 | Lair:5   | Found a staircase to the Slime Pits.
 25801 | Lair:6   | Entered Level 6 of the Lair of Beasts
 25842 | Lair:6   | Received a gift from Okawaru
 26145 | Lair:6   | Reached skill level 19 in Polearms
 26465 | Lair:6   | Received a gift from Okawaru
 26611 | Lair:6   | Identified the +8 hand crossbow "Rofut" {flame, rPois} (You
                  | found it on level 6 of the Lair of Beasts)
 26713 | Lair:6   | Reached skill level 5 in Charms
 27699 | Lair:4   | Found a staircase to the Swamp.
 28460 | Lair:3   | Found the cursed +13 scythe of Curses {drain, *Curse}
 29184 | D:14     | Bought an uncursed ring of protection from magic for 375
                  | gold pieces
 29265 | Orc:1    | Entered Level 1 of the Orcish Mines
 29457 | Orc:2    | Entered Level 2 of the Orcish Mines
 29462 | Orc:2    | Found a staircase to the Elven Halls.
 29513 | Orc:1    | Received a gift from Okawaru
 29778 | Orc:1    | Found a roughly hewn altar of Beogh.
 30529 | Orc:2    | Noticed Erolcha
 30539 | Orc:2    | Reached XP level 16. HP: 125/155 MP: 21/21
 30546 | Orc:2    | Killed Erolcha
 30708 | Orc:2    | Noticed Donald
 30728 | Orc:2    | Killed Donald
 30937 | Orc:2    | Found Seumoleu's Book Emporium.
 30937 | Orc:2    | Found Xiotor's Weapon Shop.
 30938 | Orc:2    | Found Sapn's Food Boutique.
 30938 | Orc:2    | Found Goragiuso's Magic Scroll Emporium.
 31131 | Orc:2    | Bought a scroll of enchant weapon for 90 gold pieces
 31291 | D:14     | Learned a level 2 spell: Song of Slaying
 31309 | D:14     | Learned a level 3 spell: Regeneration
 31317 | D:14     | Learned a level 6 spell: Deflect Missiles
 31321 | D:14     | Learned a level 3 spell: Spectral Weapon
 31532 | Spider:1 | Entered Level 1 of the Spider Nest
 31910 | Lair:3   | HP: 3/170 [tyrant leech (17)]
 32479 | Spider:1 | Received a gift from Okawaru
 32950 | Spider:1 | Reached skill level 20 in Polearms
 34774 | Spider:2 | Reached skill level 10 in Dodging
 34939 | Spider:2 | Received a gift from Okawaru
 35595 | Spider:3 | Reached XP level 17. HP: 165/165 MP: 22/22
 35672 | Spider:3 | Reached skill level 1 in Crossbows
 36050 | Spider:3 | Received a gift from Okawaru
 36189 | Spider:3 | Cast into level 4 of the Abyss (a distortion unwield)
 36205 | Abyss:4  | Found a corrupted altar of Lugonu.
 36300 | Abyss:4  | Gained mutation: Your magical capacity is low. (-10% MP) [a
                  | cacodemon]
 36357 | Abyss:4  | Gained mutation: You are weak. (Str -2) [a cacodemon]
 36433 | Abyss:4  | Noticed a profane servitor
 36441 | Abyss:4  | Found a shimmering altar of Xom.
 36474 | Abyss:4  | Noticed a tentacled monstrosity
 36518 | Abyss:4  | Killed a profane servitor
 36520 | Abyss:4  | Killed a tentacled monstrosity
 36551 | Spider:3 | Escaped the Abyss
 36795 | Spider:3 | Lost mutation: You are weak. (Str -2) [potion of mutation]
 36795 | Spider:3 | Lost mutation: Your magical capacity is low. (-10% MP)
                  | [potion of mutation]
 36795 | Spider:3 | Gained mutation: You possess an exceptional clarity of
                  | mind. [potion of mutation]
 36795 | Spider:3 | Gained mutation: You are partially covered in molten
                  | scales. (AC +2) [potion of mutation]
 36903 | Spider:4 | Entered Level 4 of the Spider Nest
 37153 | Spider:4 | Received a gift from Okawaru
 37160 | Spider:4 | Got a translucent glaive {god gift}
 38052 | Spider:4 | HP: 5/181 [redback (17)]
 38054 | Spider:4 | Slain by a redback

Vault maps used:
D:1:      shiori_arrival_oz, kennysheep_minor_cross
D:2:      kiku_gazebo_garden_becter
D:3:      gammafunk_steamed_eel, uniq_jessica, uniq_natasha
D:4:      gammafunk_cloud_chamber, minmay_temple_entry_large_hall,
          gammafunk_ghost_stat_death
D:5:      nicolae_gozag_seed_capital, first_ration,
          hellmonk_ghost_happy_afterlife, uniq_crazy_yiuf_cottage
D:6:      cheibrodos_fzero, nicolae_qazlal_general_emergency, basic_altar,
          serial_shops, shop, dk_noncrumbling_4, chequers_avenue,
          okawaru_metal_pillars_3
D:7:      enter_bailey_2
D:8:      serial_shops, shop
D:9:      minmay_shrinking_squares, gammafunk_temple_overflow_forgotten,
          due_lair_maze_entry_diamond, fedhas_altar_fruit_tree
D:10:     minmay_quarter_circles, ebering_ghost_reflecting_pool,
          hangedman_stone_soup, uniq_snorg
D:11:     okawaru_arena_lexackson, minivault_16, hangedman_decor_opposing
D:12:     orc_0_dummy, uniq_frances, uniq_sonja
D:13:     lightli_vaults_fourway_checkpoint, uniq_rupert
D:14:     serial_shops, nicolae_shop_crystal, lemuel_tele_altar, serial_ice,
          serial_ice_n, serial_ice_f, serial_ice_h, serial_ice_b, serial_ice_j,
          portal_ice_cave_rime, kennysheep_flooded_box,
          minmay_guarded_unrand_vampires_tooth, uniq_nessos
D:15:     gammafunk_enter_depths_forms, minivault_16
Temple:   kb_temple_of_zot
Lair:2:   lemuel_fruit_tree, infiniplex_staircase_pool_2
Lair:3:   spider_nest_entry_funnel_web, minivault_19, serial_bayou_shore_a
Lair:4:   swamp_mist
Lair:5:   minmay_slime_entry_oklob_enclosed, serial_bayou_shore_b
Lair:6:   minmay_lair_end_enchanted_forest
Spider:1: worms_lemuel
Spider:2: nicolae_orb_island, nicolae_spider_cling_ruins
Spider:3: nicolae_spider_nook
Spider:4: spider_rune_water
Orc:1:    basic_altar
Orc:2:    st_orc_ogre_mass, guppyfry_library_mini, uniq_erolcha, uniq_donald
Abyss:4:  bh_abyss_exit_grid
Bailey:   bailey_axe_1, bailey
IceCv:    ice_cave_small_demon

Skill      XL: |  1  2  3  4  5  6  7  8  9 10 11 12 13 14 15 16 17 |
---------------+----------------------------------------------------+-----
Polearms       | 4 5 6 7 8 10 12 14 15 16 17 18 19 20 | 20.8
Armour         | 1 2 3 4 5 7 8 10 11 12 14 15 | 15.5
Fighting       | 3 4 5 6 7 8 10 11 13 14 15 17 18 | 18.7
Invocations    | 3 6 8 |  8.0
Charms         | 2 6 8 9 |  9.0
Dodging        | 4 7 10 11 | 11.4
Crossbows      | 4 |  4.4
Throwing       | |  2.0

Action                   |  1- 3 |  4- 6 |  7- 9 | 10-12 | 13-15 | 16-18 || total
-------------------------+-------+-------+-------+-------+-------+-------++-------
Melee: Trident           |    68 |    90 |   428 |   391 |   127 |       ||  1104
       Headbutt          |     8 |    11 |    64 |   186 |   346 |   179 ||   794
       Punch             |       |       |     1 |     1 |       |       ||     2
       Halberd           |       |       |       |   463 |   467 |       ||   930
       Glaive            |       |       |       |       |   948 |   832 ||  1780
 Fire: Blowgun           |       |       |    12 |     9 |    22 |       ||    43
       Arbalest          |       |       |       |     9 |     4 |    32 ||    45
Throw: Throwing net      |       |     1 |     3 |     1 |       |       ||     5
 Cast: Spectral Weapon   |       |       |       |       |       |     2 ||     2
       Song of Slaying   |       |       |       |       |       |     1 ||     1
Invok: Heroism           |       |       |     3 |     9 |    16 |     5 ||    33
       Finesse           |       |       |       |     2 |     1 |       ||     3
Evoke: Wand              |       |     7 |       |     3 |     6 |     2 ||    18
  Use: Scroll            |     2 |     4 |     5 |     9 |    19 |     5 ||    44
       Potion            |       |       |     2 |     2 |     3 |    13 ||    20
 Stab: Sleeping          |     1 |       |       |       |       |       ||     1
       Held in net/web   |       |     1 |     2 |     1 |       |     1 ||     5
       Distracted        |       |       |     5 |       |       |       ||     5
       Petrified         |       |       |       |       |     8 |       ||     8
       Petrifying        |       |       |       |       |     1 |       ||     1
  Eat: Chunk             |       |     6 |     9 |    21 |    31 |     8 ||    75
       Ration            |       |       |     2 |     3 |     5 |     5 ||    15
Armor: Leather armour    |    17 |    10 |       |       |       |       ||    27
       Scale mail        |       |       |    73 |       |       |       ||    73
       Plate armour      |       |       |    81 |   271 |   749 |   208 ||  1309
       Ring mail         |       |       |       |       |       |   210 ||   210
Dodge: Dodged            |    49 |    37 |   198 |   301 |   913 |  1084 ||  2582

Table legend:
 A = Non-vault XP
 B = Vault XP
 C = Vault XP percentage of total XP
 D = Non-vault monster count
 E = Vault monster count
 F = Vault count percentage of total count
                 A         B        C        D         E       F
            +---------+---------+-------+---------+---------+-------
      Total |  158197 |  101172 |  39.0 |     694 |     356 |  33.9
            +---------+---------+-------+---------+---------+-------
        D:1 |      21 |       2 |   8.7 |      11 |       2 |  15.4
        D:2 |      22 |       0 |   0.0 |      13 |       0 |   0.0
        D:3 |     300 |     233 |  43.7 |      26 |       5 |  16.1
        D:4 |     293 |       0 |   0.0 |       9 |       0 |   0.0
        D:5 |     807 |      39 |   4.6 |      22 |       1 |   4.3
        D:6 |     717 |    1016 |  58.6 |      19 |      12 |  38.7
        D:7 |    1101 |       0 |   0.0 |      22 |       0 |   0.0
        D:8 |    2568 |     784 |  23.4 |      34 |       1 |   2.9
        D:9 |    3945 |    4299 |  52.1 |      27 |      15 |  35.7
       D:10 |     741 |    6374 |  89.6 |       8 |      34 |  81.0
       D:11 |     416 |    2295 |  84.7 |      13 |       1 |   7.1
       D:12 |    7440 |    1765 |  19.2 |      37 |       2 |   5.1
       D:13 |    4428 |    9817 |  68.9 |      21 |      34 |  61.8
       D:14 |    8651 |    8874 |  50.6 |      33 |      33 |  50.0
       D:15 |   15855 |    5563 |  26.0 |      48 |       9 |  15.8
     Lair:1 |    2323 |       0 |   0.0 |       7 |       0 |   0.0
     Lair:2 |    1601 |       0 |   0.0 |       8 |       0 |   0.0
     Lair:3 |    6150 |    6177 |  50.1 |      17 |      18 |  51.4
     Lair:4 |    3562 |       0 |   0.0 |       9 |       0 |   0.0
     Lair:5 |   14843 |     527 |   3.4 |      30 |       1 |   3.2
     Lair:6 |   13730 |    8767 |  39.0 |      36 |      47 |  56.6
   Spider:1 |   12274 |     911 |   6.9 |      40 |       4 |   9.1
   Spider:2 |   14139 |    2966 |  17.3 |      41 |       5 |  10.9
   Spider:3 |   10235 |    5783 |  36.1 |      22 |      13 |  37.1
   Spider:4 |   10225 |    5955 |  36.8 |      29 |      16 |  35.6
      Orc:1 |    4349 |       0 |   0.0 |      48 |       0 |   0.0
      Orc:2 |    6389 |   21248 |  76.9 |      51 |      49 |  49.0
    Abyss:4 |   11072 |    3687 |  25.0 |      13 |       2 |  13.3
     Bailey |       0 |    1130 | 100.0 |       0 |      32 | 100.0
      IceCv |       0 |    2960 | 100.0 |       0 |      20 | 100.0
            +---------+---------+-------+---------+---------+-------
